 Dungeon Crawl Stone Soup version 0.25-a0-346-g140ab784a8 (webtiles) character file.

Game seed: 2102061197839632270, levelgen mode: classic

379109 Borgoz the Bludgeoner (level 22, -29/152 HPs)
             Began as a Gargoyle Fighter on Dec 31, 2019.
             Was the Champion of the Shining One.
             Killed from afar by a hell knight (37 damage)
             ... with a bolt of fire
             ... led by Margery
             ... on level 3 of the Vaults.
             The game lasted 02:28:22 (49688 turns).

Borgoz the Bludgeoner (Gargoyle Fighter)           Turns: 49688, Time: 02:28:23

Health: -29/152    AC: 42    Str: 29    XL:     22   Next: 84%
Magic:  27/27      EV: 14    Int: 10    God:    the Shining One [******]
Gold:   2179       SH: 16    Dex: 10    Spells: 21/21 levels left

rFire    . . .     SeeInvis .   a - +8 flail of Winter {freeze, -Tele +Rage rElec}
rCold    + . .     Gourm    .   K - +4 shield {reflect}
rNeg     + + +     Faith    .   n - +1 chain mail "Mafroow" {MR+++ Regen+ Dex-2 Stlth+}
rPois    ∞         Spirit   .   x - +1 helmet
rElec    +         Reflect  +   S - scarf {cloud immunity}
rCorr    .         Harm     .   s - +1 pair of gloves
MR       ++++.     NoTele   +   M - +2 pair of boots {run}
Stlth    ..........             Z - amulet of regeneration
HPRegen  1.15/turn              W - +3 ring of strength
MPRegen  0.20/turn              N - ring of protection from cold

@: flying, glowing, quick
A: big wings, negative energy resistance 1, electricity resistance, unbreathing,
petrification resistance, rot immunity, AC +16
}: 2/15 runes: serpentine, barnacled
a: Stop Flying, Divine Shield, Cleansing Flame, Summon Divine Warrior, Brand
Weapon With Holy Wrath, Renounce Religion, Evoke Berserk Rage


You were on level 3 of the Vaults.
You worshipped the Shining One.
The Shining One was exalted by your worship.
You were not hungry.

You visited 8 branches of the dungeon, and saw 38 of its levels.
You visited the Abyss 1 time.
You also visited: Gauntlet, Ice Cave and Volcano.

You collected 5494 gold pieces.
You spent 3315 gold pieces at shops.

Inventory:

Hand Weapons
 a - the +8 flail of Winter (weapon) {freeze, -Tele +Rage rElec}
   (You found it on level 3 of the Elven Halls)

   It has been specially enchanted to freeze those struck by it, causing extra
   injury to most foes and up to half again as much damage against particularly
   susceptible opponents.
   It can also slow down cold-blooded creatures.
   It insulates you from electricity.
   It lets you go berserk.
   It prevents most forms of teleportation.
 b - the +7 eveningstar "Govireur" {crush, Stlth+}
   (You acquired it on level 1 of the Lair of Beasts)

   It inflicts extra damage upon your enemies.
   It makes you more stealthy.
 y - a +4 great mace of crushing
Armour
 n - the +1 chain mail "Mafroow" (worn) {MR+++ Regen+ Dex-2 Stlth+}
   (You found it on level 2 of the Snake Pit)

   It affects your dexterity (-2).
   It affects your resistance to hostile enchantments.
   It increases your rate of regeneration.
   It makes you more stealthy.
 s - a +1 pair of gloves (worn)
 x - a +1 helmet (worn)
 B - the +1 ring mail "Acveh" {+Inv Int+10}
   (You found it on level 2 of the Vaults)

   It affects your intelligence (+10).
   It lets you turn invisible.
 K - a +4 shield of reflection (worn)
 M - a +2 pair of boots of running (worn)
 S - a scarf of cloud immunity (worn)
Jewellery
 w - an uncursed amulet of guardian spirit
 F - an uncursed ring of resist corrosion
 N - a ring of protection from cold (right hand)
 U - the ring of Tocugam {Fire +Inv}
   (You found it on level 1 of the Lair of Beasts)

   [ring of fire]

   It enhances your fire magic.
   It protects you from fire.
   It makes you vulnerable to cold.
   It lets you turn invisible.
 W - a +3 ring of strength (left hand)
 Z - an amulet of regeneration (around neck)
Wands
 l - a wand of enslavement (3)
 p - a wand of polymorph (6)
 t - a wand of paralysis (22)
 E - a wand of acid (1)
 G - a wand of digging (12)
 V - a wand of iceblast (9)
Scrolls
 d - 5 scrolls of identify
 e - 10 scrolls of remove curse
 h - a scroll of enchant armour
 k - 21 scrolls of teleportation
 o - 6 scrolls of fog
 r - 10 scrolls of blinking
 H - 4 scrolls of silence
 I - 4 scrolls of fear
 J - 4 scrolls of magic mapping
 T - a scroll of holy word
Potions
 g - a potion of heal wounds
 i - 4 potions of cancellation
 j - 19 potions of curing
 m - 3 potions of brilliance
 q - 5 potions of haste
 u - 7 potions of might
 v - a potion of magic
 z - 4 potions of berserk rage
 A - 4 potions of ambrosia
 P - 2 potions of agility
Comestibles
 c - 11 chunks of flesh
 f - 67 rations


   Skills:
 + Level 20.1 Fighting
 + Level 20.5 Maces & Flails
 + Level 20.2 Armour
 + Level 14.2 Dodging
 + Level 10.1 Shields
 - Level 5.0 Invocations
 + Level 6.8 Evocations


You had 21 spell levels left.
You didn't know any spells.
Your spell library contained the following spells:

 Spells                   Type           Power        Failure   Level  Hunger
 Beastly Appendage        Tmut           #.....       89%         1    ##.....
 Confusing Touch          Hex            #.....       89%         1    ##.....
 Corona                   Hex            #......      89%         1    ##.....
 Foxfire                  Conj/Fire      #...         89%         1    ##.....
 Infusion                 Chrm           #...         89%         1    ##.....
 Sandblast                Erth           #.....       89%         1    ##.....
 Shock                    Conj/Air       #...         89%         1    ##.....
 Summon Butterflies       Summ           #.......     89%         1    ##.....
 Ensorcelled Hibernation  Hex/Ice        #.....       96%         2    ###....
 Passwall                 Tmut/Erth      #.......     96%         2    ###....
 Shroud of Golubria       Chrm/Tloc      #.....       96%         2    ###....
 Slow                     Hex            #.......     96%         2    ###....
 Song of Slaying          Chrm           #.......     96%         2    ###....
 Sticks to Snakes         Tmut           #.......     96%         2    ###....
 Swiftness                Chrm/Air       #.......     96%         2    ###....
 Call Canine Familiar     Summ           #.......     99%         3    ####...
 Confuse                  Hex            #.......     99%         3    ####...
 Dazzling Flash           Conj/Hex       #.....       99%         3    ####...
 Gell's Gravitas          Tloc           #.........   99%         3    ####...
 Ozocubu's Armour         Chrm/Ice       #.......     99%         3    ####...
 Recall                   Summ/Tloc      N/A          99%         3    ####...
 Regeneration             Chrm/Necr      #.........   99%         3    ####...
 Spectral Weapon          Hex/Chrm       #.......     99%         3    ####...
 Spider Form              Tmut/Pois      #.........   99%         3    ####...
 Static Discharge         Conj/Air       #.......     99%         3    ####...
 Stone Arrow              Conj/Erth      #.....       99%         3    ####...
 Tukima's Dance           Hex            #.......     99%         3    ####...
 Airstrike                Air            #.........   100%        4    #####..
 Animate Dead             Necr           N/A          100%        4    #####..
 Cause Fear               Hex            #.........   100%        4    #####..
 Ice Form                 Ice/Tmut       #.......     100%        4    #####..
 Leda's Liquefaction      Hex/Erth       #.........   100%        4    #####..
 Petrify                  Tmut/Erth      #.......     100%        4    #####..
 Summon Ice Beast         Ice/Summ       #.......     100%        4    #####..
 Summon Lightning Spire   Summ/Air       #.......     100%        4    #####..
 Aura of Abjuration       Summ           #.........   100%        5    ######.
 Blade Hands              Tmut           #.........   100%        5    ######.
 Bolt of Magma            Conj/Fire/Erth #.........   100%        5    ######.
 Borgnjor's Vile Clutch   Necr/Erth      #.........   100%        5    ######.
 Lee's Rapid Deconstruct  Erth           #.........   100%        5    ######.
 Lightning Bolt           Conj/Air       #.........   100%        5    ######.
 Metabolic Englaciation   Hex/Ice        #.........   100%        5    ######.
 Silence                  Hex/Air        #.........   100%        5    ######.
 Summon Demon             Summ           #.........   100%        5    ######.
 Summon Forest            Summ/Tloc      #.........   100%        5    ######.
 Summon Mana Viper        Hex/Summ       #.......     100%        5    ######.
 Yara's Violent Unravell  Hex/Tmut       #.........   100%        5    ######.
 Conjure Ball Lightning   Conj/Air       #.........   100%        6    #######
 Death Channel            Necr           #.........   100%        6    #######
 Deflect Missiles         Chrm/Air       #.........   100%        6    #######
 Ozocubu's Refrigeration  Ice            #.........   100%        6    #######
 Shadow Creatures         Summ           N/A          100%        6    #######
 Simulacrum               Ice/Necr       #.........   100%        6    #######
 Dragon Form              Tmut           #.........   100%        7    #######
 Summon Hydra             Summ           #.........   100%        7    #######
 Dragon's Call            Summ           #.........   100%        9    #######
 Shatter                  Erth           #.........   100%        9    #######
 Tornado                  Air            #.........   100%        9    #######
 Statue Form              Tmut/Erth      Unusable     N/A         6    N/A

Dungeon Overview and Level Annotations

Branches:
Dungeon (15/15)            Temple (1/1) D:5            Lair (6/6) D:8
 Shoals (4/4) Lair:3        Snake (4/4) Lair:3        Slime (0/5) Lair:6
    Orc (2/2) D:10            Elf (3/3) Orc:2        Vaults (3/5) D:13
  Crypt (0/3) Vaults:2     Depths (0/5) D:15          IceCv (visited)
Volcano (visited)         Gauntlet (visited)

Altars:
Ashenzari
Cheibriados
Dithmenos
Elyvilon
Fedhas
Gozag
Hepliaklqana
Kikubaaqudgha
Makhleb
Nemelex Xobeh
Okawaru
Qazlal
Ru
Sif Muna
Trog
Uskayaw
Vehumet
Wu Jian
Xom
Yredelemnul
Zin
The Shining One

Shops:
D:6 %   D:7 %   D:13 }   Orc:1 ([   Orc:2 ?}![   Shoals:1 :   Shoals:4 =
Snake:4 *   Vaults:2 ::

Annotations:
Vaults:3 Margery


Innate Abilities, Weirdness & Mutations

You are resistant to torment.
Your stone body is resilient. (AC +16)
You are immune to poison.
Your large and strong wings let you fly indefinitely.
You resist negative energy. (rN+)
You are resistant to electric shocks. (rElec)
You can survive without breathing.
You are immune to petrification.
You are immune to rotting.


Message History

The bolt of fire hits you!!
You hit the hell knight. You freeze the hell knight.
The hell knight is heavily wounded.
The hell knight hits you but does no damage.
Unknown command.
You feel much better.
Margery points at you and mumbles some strange words.
The bolt of fire hits the hell knight.
The hell knight completely resists.
The bolt of fire hits the hell knight.
The hell knight completely resists.
The bolt of fire hits you!!!
* * * LOW HITPOINT WARNING * * *
You block the hell knight's attack.
You cannot blink because you are wielding the +8 flail of Winter {freeze, -Tele +Rage rElec}.
The hell knight casts a spell.
The hell knight seems to speed up.
The hell knight gestures at you while chanting.
The bolt of fire misses you.
The hell knight points at you and mumbles some strange words.
The bolt of fire hits you!!!
You die...

#.......# #.......#
#.......######## ###
#.......#......+ ....
#.......#......# .....
#.......#.>...)#p.....
#.......'......pp@.<..
#.......#......#p.p...
#.....).#...@..# .....
#.......######## ####
#.......# #.......#
#.......# .......$.#
.........# .........#


You could see Margery and 3 hell knights.

Vanquished Creatures
  Vashnia (Snake:3)
  The ghost of olaf the Warrior, an adept MfBe of Trog (Snake:4)
  An Ice Fiend (IceCv)
  Asterion (Elf:1)
  A Hell Sentinel (Abyss:2)
  3 deep elf blademasters
  A deep elf master archer (Elf:3)
  Frances (Elf:1)
  Kirke (Snake:1)
  A kraken (Shoals:1)
  A sphinx (Vaults:1)
  Polyphemus (Shoals:3)
  Agnes (Snake:4)
  Donald (Elf:2)
  11 nagarajas
  Roxanne (Snake:3)
  6 vault wardens
  A frost giant (Vaults:3)
  6 deep elf sorcerers
  Louise (Shoals:3)
  Aizul (Snake:3)
  An orc warlord (Orc:1)
  2 deep elf elementalists (Elf:3)
  9 ironheart preservers
  2 very ugly things (Abyss:2)
  2 stone giants (Vaults:2)
  2 entropy weavers (Lair:4)
  9 deep elf demonologists
  A minotaur (Gauntlet)
  12 deep elf annihilators (Elf:3)
  2 ettins (Vaults:2)
  2 fire dragons
  8 deep elf death magi (Elf:3)
  A deep elf high priest (Elf:3)
  Josephine (Orc:2)
  3 yaktaur captains (Vaults:2)
  11 naga warriors
  2 rakshasas
  9 merfolk impalers
  An ice dragon (Vaults:2)
  3 great orbs of eyes
  9 hydras
  5 centaur warriors
  5 catoblepae
  3 merfolk aquamancers
  3 vault guards
  11 ogre magi
  41 two-headed ogres
  3 starcursed masses (Abyss:2)
  13 anacondas
  2 deep troll shamans
  A queen ant (Lair:4)
  16 death yaks
  4 merfolk avatars
  26 dancing weapons
  6 satyrs
  3 thrashing horrors (Abyss:2)
  An orc high priest (Elf:2)
  A deep troll earth mage (Vaults:2)
  A vampire mage (D:15)
  15 naga sharpshooters
  7 shock serpents
  Sonja (Orc:2)
  3 wretched stars (Abyss:2)
  17 deep elf knights
  7 skeletal warriors
  3 salamander mystics
  The ghost of obsidianmage the Magician, a novice DrVM of Vehumet (Lair:1)
  4 unseen horrors
  2 shadow wraiths
  A spatial maelstrom (Abyss:2)
  18 sea snakes
  A flayed ghost (Vaults:2)
  An obsidian statue (Snake:4)
  5 deep trolls
  Pikel (D:6)
  10 deep elf archers
  7 naga ritualists
  A sphinx zombie (Vaults:3)
  A lindwurm (Volcano)
  2 wizards
  2 glowing orange brains
  4 necromancers
  56 deep elf magi
  6 ironbrand convokers
  18 harpies
  5 orc knights
  3 wolf spiders
  An orb spider (Abyss:2)
  6 mana vipers
  An oklob plant (Snake:1)
  5 orc sorcerers
  4 human zombies
  10 ugly things
  A stone giant zombie (D:15)
  18 manticores
  16 salamanders
  19 fauns
  13 guardian serpents
  8 cyclopes
  31 black mambas
  Maurice (Orc:1)
  3 human skeletons
  2 molten gargoyles
  9 elephants (Lair:5)
  An ice statue (IceCv)
  8 merfolk sirens
  An apocalypse crab (Abyss:2)
  25 naga magi
  11 vault sentinels
  2 frost giant skeletons (D:15)
  A smoke demon (Abyss:2)
  The ghost of obsidianmage the Stinger, a novice DrVM of Makhleb (D:5)
  2 gargoyles
  8 water nymphs
  A yaktaur zombie (D:15)
  6 rime drakes
  A rime drake (shapeshifter) (Vaults:1)
  A torpor snail (Lair:6)
  11 freezing wraiths
  2 anaconda simulacra (IceCv)
  11 spiny frogs
  9 komodo dragons
  19 yaktaurs
  An efreet (D:13)
  An ancient zyme (Abyss:2)
  A golden dragon simulacrum (IceCv)
  6 ice devils (IceCv)
  2 tengu conjurers (D:12)
  10 trolls
  25 merfolk
  7 wind drakes
  A polar bear (Lair:6)
  A queen bee (shapeshifter) (D:15)
  A raiju (Abyss:2)
  12 blink frogs
  13 dream sheep
  A blink frog (shapeshifter) (Vaults:2)
  18 slime creatures
  10 snapping turtles
  3 hornets
  Prince Ribbit (D:6)
  12 hippogriffs
  2 meliai zombies
  A hippogriff (shapeshifter) (Elf:2)
  3 air elementals
  15 water elementals
  A spriggan (D:11)
  A ynoxinul (Abyss:2)
  3 hogs (Snake:1)
  6 wraiths
  A shapeshifter (Elf:3)
  33 yaks
  Eustachio (D:4)
  4 dire elephant simulacra (IceCv)
  A tarantella (shapeshifter) (Vaults:1)
  4 basilisks
  A hog (shapeshifter) (Vaults:1)
  5 wyverns
  23 fire bats
  2 hungry ghosts
  2 fire elementals
  3 chaos spawn
  3 vampire mosquitoes (D:14)
  A redback simulacrum (Gauntlet)
  41 nagas
  4 large abominations (Abyss:2)
  5 harpy simulacra
  3 wargs
  2 death yak simulacra (IceCv)
  3 iron troll simulacra (IceCv)
  A soldier ant (shapeshifter) (Vaults:1)
  27 soldier ants (Lair:4)
  5 acid dragons
  3 hydra simulacra (IceCv)
  9 water moccasins
  A hell hound (Volcano)
  7 porcupines
  2 ettin simulacra (IceCv)
  A floating eye (shapeshifter) (Elf:3)
  2 black bears
  26 orc warriors
  4 ice beasts
  4 slaves (D:6)
  A meliai simulacrum (D:13)
  4 sky beasts
  A black mamba simulacrum (Lair:1)
  2 boggarts (Vaults:1)
  41 ogres
  3 phantoms
  5 wolves (Lair:6)
  24 centaurs
  9 crocodiles
  5 small abominations
  2 spiny frog simulacra (Lair:1)
  18 bullfrogs
  An earth elemental (Elf:1)
  6 gnoll sergeants
  A hornet simulacrum (Gauntlet)
  A troll zombie (D:10)
  6 scorpions
  A blink frog simulacrum (Lair:1)
  18 killer bees
  7 wights
  3 howler monkeys (D:7)
  An electric eel (Lair:3)
  3 centaur zombies
  7 lava snakes (Volcano)
  9 crimson imps
  A jelly (D:7)
  A quasit (Abyss:2)
  3 draconian simulacra (IceCv)
  A centaur skeleton (D:6)
  8 hounds
  Crazy Yiuf (D:5)
  2 gnoll shamans (D:9)
  8 orc priests
  4 bullfrog skeletons
  2 iron imps (Abyss:2)
  2 water moccasin simulacra (Lair:1)
  24 worker ants
  7 iguanas
  13 orc wizards
  5 troll simulacra (IceCv)
  A yak simulacrum (Lair:1)
  5 ogre zombies (D:10)
  A centaur simulacrum (IceCv)
  23 gnolls
  2 howler monkey skeletons
  3 naga simulacra (IceCv)
  2 ogre simulacra (IceCv)
  17 adders
  4 shadow imps
  6 white imps (IceCv)
  6 ufetubi (IceCv)
  2 oozes
  2 adder skeletons
  An adder zombie (D:7)
  3 worms (D:2)
  2 dart slugs
  10 leopard geckos
  57 orcs
  5 bats
  7 giant cockroaches
  7 goblins
  2 hobgoblins
  12 jackals
  6 quokkas
  3 ball pythons
  2 frilled lizards (D:2)
  2 goblin skeletons (D:10)
  2 goblin zombies (D:10)
  A hobgoblin skeleton (D:10)
  A hobgoblin zombie (D:10)
  A jackal zombie (D:5)
  4 kobolds
  A leopard gecko zombie (D:5)
  An orc skeleton (D:10)
  12 orc zombies (D:10)
  2 quokka skeletons
  5 rats
  3 crawling corpses (Elf:3)
  2 fungi
  A plant (Shoals:3)
1633 creatures vanquished.

Vanquished Creatures (others)
  A deep elf master archer (Elf:3)
  An orc knight (Vaults:1)
  A gargoyle (Gauntlet)
  A yaktaur (Vaults:1)
  3 centaurs (Vaults:1)
  An orc (Orc:2)
  A crawling corpse (Elf:3)
  4 fungi
  42 plants
  4 tentacles (Shoals:1)
  A withered plant (D:15)
60 creatures vanquished.

Grand Total: 1693 creatures vanquished

Notes
Turn   | Place    | Note
-------+----------+-------------------------------------------
     0 | D:1      | Borgoz the Gargoyle Fighter began the quest for the Orb.
     0 | D:1      | Reached XP level 1. HP: 14/14 MP: 1/1
   201 | D:1      | Reached XP level 2. HP: 19/19 MP: 2/2
   679 | D:2      | Reached XP level 3. HP: 15/23 MP: 3/3
   990 | D:2      | Found a stormy altar of Qazlal.
  1404 | D:3      | Reached XP level 4. HP: 27/29 MP: 4/4
  1607 | D:3      | You fall into a shaft and drop 1 floor!
  1835 | D:4      | Reached XP level 5. HP: 30/33 MP: 5/5
  1902 | D:4      | Noticed Eustachio
  1945 | D:4      | Killed Eustachio
  1945 | D:4      | Reached XP level 6. HP: 6/39 MP: 6/6
  2347 | D:4      | Reached skill level 5 in Maces & Flails
  2933 | D:4      | Got a warped flail
  2934 | D:4      | Identified the cursed +1 flail "Giantslayer" {drain, rC+}
                  | (You found it on level 4 of the Dungeon)
  3120 | D:5      | Entered Level 5 of the Dungeon
  3264 | D:5      | Noticed an ice beast
  3273 | D:5      | Killed an ice beast
  3273 | D:5      | Reached skill level 5 in Fighting
  3273 | D:5      | Reached skill level 5 in Armour
  3273 | D:5      | Reached XP level 7. HP: 44/44 MP: 7/7
  3337 | D:5      | Noticed obsidianmage's ghost (novice DrVM)
  3348 | D:5      | Found a transporter.
  3352 | D:5      | Found a transporter.
  3441 | D:5      | Found a staircase to the Ecumenical Temple.
  3453 | Temple   | Entered the Ecumenical Temple
  3527 | Temple   | Became a worshipper of the Shining One
  3717 | D:5      | Found a runed translucent door.
  3718 | D:5      | Noticed Crazy Yiuf
  3723 | D:5      | Killed Crazy Yiuf
  4040 | D:5      | Found a hide-covered altar of Uskayaw.
  4042 | D:5      | Found a snail-covered altar of Cheibriados.
  4044 | D:5      | Found a shimmering blue altar of Sif Muna.
  4045 | D:5      | Found a shattered altar of Ashenzari.
  4046 | D:5      | Found a blossoming altar of Fedhas.
  4047 | D:5      | Found a bloodstained altar of Trog.
  4375 | D:6      | Reached XP level 8. HP: 27/51 MP: 8/8
  4589 | D:6      | Reached * piety under the Shining One
  4591 | D:6      | Noticed Pikel
  4707 | D:6      | Killed Pikel
  4868 | D:6      | Found a white marble altar of Elyvilon.
  4948 | D:6      | Reached XP level 9. HP: 56/56 MP: 9/9
  4957 | D:6      | Found Ekyr's Food Emporium.
  5012 | D:6      | Noticed Prince Ribbit
  5200 | D:6      | Found a runed translucent door.
  5201 | D:6      | Found a runed translucent door.
  5685 | D:6      | Killed Prince Ribbit
  5822 | D:7      | Found an opulent altar of Gozag.
  5945 | D:7      | Identified the +10 trident "Xuluom" {vamp, +Fly Int+2
                  | Dex-3}
  6107 | D:7      | Found a basalt altar of Yredelemnul.
  6157 | D:7      | Reached ** piety under the Shining One
  6187 | D:7      | Found Locruss's Food Emporium.
  6768 | D:8      | Reached skill level 10 in Maces & Flails
  6768 | D:8      | Reached XP level 10. HP: 64/64 MP: 10/10
  7008 | D:8      | Noticed a two-headed ogre
  7020 | D:8      | Killed a two-headed ogre
  7221 | D:8      | Found a staircase to the Lair.
  7656 | D:9      | Identified a scroll of acquirement
  7729 | D:9      | Found a sparkling altar of Nemelex Xobeh.
  8092 | D:9      | Noticed a two-headed ogre
  8107 | D:9      | Killed a two-headed ogre
  8107 | D:9      | Reached XP level 11. HP: 59/71 MP: 9/11
  8422 | D:10     | Entered Level 10 of the Dungeon
  8648 | D:5      | Killed obsidianmage's ghost
  8786 | D:10     | Reached *** piety under the Shining One
  8786 | D:10     | Noticed an unseen horror
  8786 | D:10     | Noticed a two-headed ogre
  8842 | D:9      | Killed a two-headed ogre
  8842 | D:9      | Reached skill level 10 in Fighting
  8842 | D:9      | Reached skill level 10 in Armour
  8845 | D:9      | Killed an unseen horror
  9244 | D:10     | Found a staircase to the Orcish Mines.
  9262 | D:10     | Reached **** piety under the Shining One
  9328 | D:10     | Reached ***** piety under the Shining One
 10048 | D:11     | Noticed a cyclops
 10062 | D:11     | Killed a cyclops
 10176 | D:11     | Noticed a two-headed ogre
 10182 | D:11     | Killed a two-headed ogre
 10286 | D:11     | Reached XP level 12. HP: 79/79 MP: 12/12
 10465 | D:11     | Noticed a two-headed ogre
 10474 | D:11     | Killed a two-headed ogre
 11006 | D:12     | Noticed a seven-headed hydra
 11020 | D:12     | Killed a seven-headed hydra
 11173 | D:12     | Noticed a five-headed hydra
 11181 | D:12     | Killed a five-headed hydra
 11885 | D:12     | Reached skill level 1 in Dodging
 12114 | D:13     | Found Opteawkair's Gadget Shoppe.
 12523 | D:13     | Found a gate to the Vaults.
 12523 | D:13     | Noticed an ironheart preserver
 12533 | D:13     | Reached ****** piety under the Shining One
 12550 | D:13     | Killed an ironheart preserver
 12807 | D:13     | Noticed an eight-headed hydra
 12847 | D:13     | Killed an eight-headed hydra
 12847 | D:13     | Reached XP level 13. HP: 44/85 MP: 8/13
 13143 | D:13     | Reached skill level 5 in Shields
 13567 | D:14     | Noticed a rakshasa
 13598 | D:14     | Killed a rakshasa
 14186 | D:14     | Found a shadowy altar of Dithmenos.
 14286 | D:14     | Found the +7 mace of Variability {chain chaos}
 14317 | D:14     | Found a shimmering altar of Xom.
 14730 | D:15     | Entered Level 15 of the Dungeon
 15123 | D:15     | Found a staircase to the Depths.
 16286 | Lair:1   | Entered Level 1 of the Lair of Beasts
 16508 | Lair:1   | Found a runed translucent gate.
 16508 | Lair:1   | Found a runed translucent gate.
 16508 | Lair:1   | Found a runed translucent gate.
 16609 | Lair:1   | Noticed obsidianmage's ghost (novice DrVM)
 16621 | Lair:1   | Got a heavily runed tin ring
 16990 | Lair:2   | Found a gate leading to a gauntlet.
 17001 | Gauntlet | Entered a Gauntlet
 17001 | Gauntlet | Found a large runed translucent door.
 17001 | Gauntlet | Found a large runed translucent door.
 17001 | Gauntlet | Found a large runed translucent door.
 17001 | Gauntlet | Found a large runed translucent door.
 17001 | Gauntlet | Found a large runed translucent door.
 17001 | Gauntlet | Found a large runed translucent door.
 17001 | Gauntlet | Found a large runed translucent door.
 17001 | Gauntlet | Found a large runed translucent door.
 17001 | Gauntlet | Found a runed translucent door.
 17001 | Gauntlet | Found a runed translucent gate.
 17001 | Gauntlet | Found a transporter.
 17001 | Gauntlet | Found a transporter.
 17001 | Gauntlet | Found a runed translucent gate.
 17001 | Gauntlet | Found a transporter.
 17010 | Gauntlet | Found a transporter.
 17019 | Gauntlet | Noticed a death ooze
 17020 | Gauntlet | Found a transporter.
 17035 | Gauntlet | Found a transporter.
 17047 | Gauntlet | Found a transporter.
 17060 | Gauntlet | Found a transporter.
 17066 | Gauntlet | Found a transporter.
 17088 | Gauntlet | Found a transporter.
 17116 | Gauntlet | Found a transporter.
 17117 | Gauntlet | Found a transporter.
 17184 | Gauntlet | Found a runed translucent gate.
 17184 | Gauntlet | Found a runed translucent door.
 17193 | Gauntlet | Found a large runed translucent door.
 17193 | Gauntlet | Found a large runed translucent door.
 17193 | Gauntlet | Found a large runed translucent door.
 17193 | Gauntlet | Found a large runed translucent door.
 17194 | Gauntlet | Found a large runed translucent door.
 17194 | Gauntlet | Found a large runed translucent door.
 17195 | Gauntlet | Found a large runed translucent door.
 17195 | Gauntlet | Found a large runed translucent door.
 17212 | Gauntlet | Reached skill level 5 in Dodging
 17247 | Gauntlet | Identified a +1 pair of boots of running (You found it in a
                  | Gauntlet)
 17249 | Gauntlet | Identified the ring "Dushith" {rPois rN+++ MR- EV+2 Str-4}
                  | (You found it on level 1 of the Lair of Beasts)
 17385 | Gauntlet | Reached skill level 15 in Maces & Flails
 17398 | Gauntlet | Gained mutation: Your large and strong wings let you fly
                  | indefinitely. [Gargoyle growth]
 17398 | Gauntlet | Reached XP level 14. HP: 76/94 MP: 11/14
 17425 | Gauntlet | Got a pair of crude gloves
 17439 | Gauntlet | Identified the cursed +0 pair of gloves of Oxteemot {rPois
                  | rC+ Dex+3 Slay-3} (You found it in a Gauntlet)
 17803 | Lair:2   | You fall into a shaft and drop 2 floors!
 18214 | Lair:4   | Noticed an entropy weaver
 18215 | Lair:4   | Noticed an entropy weaver
 18430 | Lair:4   | Killed an entropy weaver
 18451 | Lair:4   | Killed an entropy weaver
 19957 | Lair:3   | Found a staircase to the Shoals.
 20183 | Lair:3   | Found a staircase to the Snake Pit.
 21537 | Lair:5   | Reached XP level 15. HP: 28/100 MP: 5/15
 22959 | Lair:6   | Entered Level 6 of the Lair of Beasts
 24683 | Lair:6   | Found a staircase to the Slime Pits.
 24885 | Lair:1   | Killed obsidianmage's ghost
 24933 | Lair:1   | Got the ring of Tocugam {Fire}
 24935 | Lair:1   | Identified the ring of Tocugam {Fire +Inv} (You found it on
                  | level 1 of the Lair of Beasts)
 24939 | Lair:1   | Got a jewelled eveningstar
 24940 | Lair:1   | Identified the +7 eveningstar "Govireur" {crush, Stlth+}
                  | (You acquired it on level 1 of the Lair of Beasts)
 25112 | Orc:1    | Entered Level 1 of the Orcish Mines
 25112 | Orc:1    | Found Atifui's Antique Armour Shop.
 25260 | Orc:1    | Noticed an orc warlord
 25266 | Orc:1    | Reached skill level 15 in Fighting
 25284 | Orc:1    | Killed an orc warlord
 25284 | Orc:1    | Reached skill level 15 in Armour
 25294 | Orc:1    | Found Dimoosim's Weapon Shoppe.
 25315 | Orc:1    | Noticed Maurice
 25327 | Orc:1    | Killed Maurice
 25402 | Orc:1    | Found a bloodstained altar of Trog.
 25572 | Orc:2    | Entered Level 2 of the Orcish Mines
 25572 | Orc:2    | Found a staircase to the Elven Halls.
 25579 | Orc:2    | Noticed Sonja
 25592 | Orc:2    | Noticed Josephine
 25618 | Orc:2    | Killed Josephine
 25642 | Orc:2    | Killed Sonja
 25642 | Orc:2    | Reached XP level 16. HP: 84/108 MP: 14/16
 25785 | Orc:2    | Found Tedgh's Magic Scroll Shop.
 25785 | Orc:2    | Found Xakh's Gadget Shoppe.
 25786 | Orc:2    | Found Daekleh's Distillery.
 25786 | Orc:2    | Found Nikeipn's Antique Armour Boutique.
 25939 | Orc:2    | Found a dark tunnel.
 25955 | Volcano  | Entered a volcano
 26112 | Volcano  | Found a radiant altar of Vehumet.
 26717 | Orc:2    | Bought a scroll of teleportation for 30 gold pieces
 26717 | Orc:2    | Bought a scroll of blinking for 75 gold pieces
 26717 | Orc:2    | Bought a scroll of teleportation for 30 gold pieces
 26718 | Orc:2    | Bought a potion of haste for 140 gold pieces
 26718 | Orc:2    | Bought a potion of berserk rage for 70 gold pieces
 26718 | Orc:2    | Bought a potion of haste for 140 gold pieces
 26718 | Orc:2    | Bought a potion of heal wounds for 70 gold pieces
 26718 | Orc:2    | Bought a potion of haste for 140 gold pieces
 26718 | Orc:2    | Bought a potion of ambrosia for 112 gold pieces
 26743 | Orc:1    | Bought shiny ice dragon scales for 1764 gold pieces
 26996 | Shoals:1 | Entered Level 1 of the Shoals
 27104 | Shoals:1 | Found a hazy altar of Hepliaklqana.
 27109 | Shoals:1 | Noticed a kraken
 27124 | Shoals:1 | Killed a kraken
 27155 | Shoals:1 | Found Oriahe's Book Boutique.
 28461 | Shoals:2 | Reached XP level 17. HP: 115/115 MP: 17/17
 28502 | Shoals:2 | Got a faintly glowing long sword
 28807 | Shoals:2 | Identified the cursed +3 long sword "Icynyles" {vamp, rC+
                  | MP+9} (You found it on level 2 of the Shoals)
 28915 | Shoals:2 | Reached skill level 10 in Dodging
 29722 | Shoals:3 | Noticed Louise
 29744 | Shoals:3 | Killed Louise
 30137 | Shoals:3 | Noticed Polyphemus
 30165 | Shoals:3 | Killed Polyphemus
 31376 | Shoals:4 | Entered Level 4 of the Shoals
 31713 | Shoals:4 | Got a crude ivory ring
 31714 | Shoals:4 | Identified the ring of Gogyfasm {rPois Dex+2} (You found it
                  | on level 4 of the Shoals)
 31751 | Shoals:4 | Found Xoleenn's Jewellery Boutique.
 31775 | Shoals:4 | Bought an uncursed ring of resist corrosion for 300 gold
                  | pieces
 31837 | Shoals:4 | Reached skill level 1 in Invocations
 31837 | Shoals:4 | Reached skill level 1 in Evocations
 32179 | Shoals:4 | Reached XP level 18. HP: 122/122 MP: 19/19
 32233 | Shoals:4 | Got a heavily runed helmet
 32316 | Shoals:4 | Got a barnacled rune of Zot
 32645 | Shoals:4 | Identified the cursed -2 helmet of the Lost Path {Dex+5}
                  | (You found it on level 4 of the Shoals)
 32877 | Snake:1  | Entered Level 1 of the Snake Pit
 32884 | Snake:1  | Noticed Kirke
 32898 | Snake:1  | Killed Kirke
 33525 | Snake:1  | Found a blossoming altar of Fedhas.
 34189 | Snake:2  | Got a sapphire-studded chain mail
 34200 | Snake:2  | Identified the cursed +1 chain mail "Mafroow" {MR+++ Regen+
                  | Dex-2 Stlth+} (You found it on level 2 of the Snake Pit)
 35025 | Snake:3  | Noticed Aizul
 35052 | Snake:3  | Killed Aizul
 35256 | Snake:3  | Noticed Vashnia
 35504 | Snake:3  | Killed Vashnia
 35667 | Snake:3  | Identified Roxanne's Compendium of the Mountains
 35667 | Snake:3  | Noticed Roxanne
 36027 | Snake:3  | Killed Roxanne
 36180 | Snake:3  | Reached skill level 5 in Invocations
 36562 | Snake:4  | Entered Level 4 of the Snake Pit
 36707 | Snake:4  | Noticed Agnes
 36728 | Snake:4  | Killed Agnes
 36771 | Snake:4  | Found a runed translucent gate.
 36772 | Snake:4  | Found a runed translucent gate.
 36773 | Snake:4  | Found a runed translucent gate.
 36775 | Snake:4  | Found an opulent altar of Gozag.
 36775 | Snake:4  | Found Qywuth's Assorted Antiques.
 36776 | Snake:4  | Noticed olaf's ghost (adept MfBe)
 36953 | Snake:4  | Reached XP level 19. HP: 93/128 MP: 22/22
 37257 | Snake:4  | Reached skill level 5 in Evocations
 37970 | Snake:4  | Got a serpentine rune of Zot
 38108 | Snake:4  | Got a crude spear
 38582 | Snake:4  | Killed olaf's ghost
 38766 | Snake:4  | Bought a notched jade ring for 185 gold pieces
 38766 | Snake:4  | Bought a knobbly copper ring for 185 gold pieces
 38766 | Snake:4  | Bought a scroll of identify for 74 gold pieces
 39079 | Elf:1    | Entered Level 1 of the Elven Halls
 39371 | Elf:1    | Noticed Asterion
 39384 | Elf:1    | Killed Asterion
 39457 | Elf:1    | Reached XP level 20. HP: 137/137 MP: 23/23
 39794 | Elf:1    | Got a bloodstained morningstar
 39795 | Elf:1    | Identified the +0 morningstar "Bek Kuho" {antimagic, rN+}
                  | (You acquired it on level 1 of the Elven Halls)
 39944 | Elf:1    | Noticed Frances
 39956 | Elf:1    | Killed Frances
 40639 | Elf:2    | Got a dazzling arbalest
 41001 | Elf:2    | Found a huge runed translucent gate.
 41001 | Elf:2    | Found a huge runed translucent gate.
 41001 | Elf:2    | Found a huge runed translucent gate.
 41001 | Elf:2    | Found a huge runed translucent gate.
 41001 | Elf:2    | Found a huge runed translucent gate.
 41489 | Elf:2    | Noticed Donald
 41680 | Elf:2    | Killed Donald
 41804 | Elf:3    | Entered Level 3 of the Elven Halls
 41828 | Elf:3    | Found a frozen archway.
 41866 | IceCv    | Entered an ice cave
 41873 | IceCv    | Identified the cursed +2 arbalest of Capital Punishment
                  | {velocity, rC++ Int+7 Dex-4} (You found it on level 2 of
                  | the Elven Halls)
 43195 | Elf:3    | Cast into level 2 of the Abyss (a deep elf sorcerer)
 43343 | Abyss:2  | Reached XP level 21. HP: 144/144 MP: 24/24
 43648 | Elf:3    | Escaped the Abyss
 43705 | Elf:3    | Identified the +2 leather armour "Nuits" {rPois rC+ Dex+2
                  | SInv}
 43938 | Elf:3    | Identified the cursed +3 short sword of the Ass {freeze,
                  | rPois}
 43989 | Elf:3    | Identified the +9 hand axe of Honesty {chop, rF+ rN+ Str+4}
 44238 | Elf:3    | Got a twisted quarterstaff
 44247 | Elf:3    | Got an encrusted hand crossbow
 44252 | Elf:3    | Found the +3 salamander hide armour {+Rage rF++}
 44264 | Elf:3    | Identified the +6 hand crossbow "Tejumekh" {elec, rC+++
                  | MR+++ Int-5 SInv} (You found it on level 3 of the Elven
                  | Halls)
 44265 | Elf:3    | Identified the +9 quarterstaff of Itisic {venom, MP+9 SInv}
                  | (You found it on level 3 of the Elven Halls)
 44271 | Elf:3    | Identified Sif Muna's Handbook of Congealing Stones
 44278 | Elf:3    | Identified the Disquisition on Snow and Execration
 44284 | Elf:3    | Got an ivory broad axe
 44574 | Lair:1   | Identified the cursed +3 broad axe of Touth {chop, rPois
                  | rC+++ Str-3 Dex-4} (You found it on level 3 of the Elven
                  | Halls)
 44670 | Lair:1   | Identified the cursed +0 spear "Beckongebb" {pain, rF-
                  | rN+++ MP+9 Str+2} (You found it on level 4 of the Snake
                  | Pit)
 45040 | Elf:3    | Got a steaming dagger
 45043 | Elf:3    | Got a twisted flail
 45046 | Elf:3    | Got a brightly glowing hand crossbow
 45271 | Lair:1   | Identified the +7 dagger of the Enchanted Forest {elec,
                  | rElec rC+ rN+} (You found it on level 3 of the Elven Halls)
 45272 | Lair:1   | Identified the +8 flail of Winter {freeze, -Tele +Rage
                  | rElec} (You found it on level 3 of the Elven Halls)
 45273 | Lair:1   | Identified the cursed +2 hand crossbow "Zumnuess" {venom,
                  | rPois rN+ Str+4} (You found it on level 3 of the Elven
                  | Halls)
 45457 | Vaults:1 | Entered Level 1 of the Vaults
 46755 | Vaults:1 | Reached XP level 22. HP: 140/151 MP: 25/25
 47817 | Vaults:2 | Found Lofag's Book Boutique.
 48920 | Vaults:2 | Found a staircase to the Crypt.
 49143 | Vaults:2 | Found Plog's Book Shop.
 49216 | Vaults:2 | Got a twisted ring mail
 49217 | Vaults:2 | Identified the +1 ring mail "Acveh" {+Inv Int+10} (You
                  | found it on level 2 of the Vaults)
 49477 | Vaults:3 | Reached skill level 10 in Shields
 49681 | Vaults:3 | Noticed Margery
 49686 | Vaults:3 | HP: 6/152 [Margery/bolt of fire (66)]
 49688 | Vaults:3 | Killed from afar by a hell knight

Levels and vault maps discovered:
D:1:      minmay_arrival_up_and_down, layout_basic
D:2:      layout_rooms, grunt_qazlal_sundering
D:3:      layout_basic
D:4:      layout_basic, uniq_eustachio
D:5:      layout_loops_ring, grunt_temple_overflow_open,
          minmay_temple_entry_water_ring, gammafunk_ghost_hive, first_ration,
          uniq_crazy_yiuf_cottage
D:6:      lemuel_insect_pit, layout_cave_pods, elyvilon_altar_5, serial_shops,
          shop_statue, st_stairs_6, uniq_pikel, uniq_prince_ribbit1
D:7:      layout_basic, yredelemnul_altar_generic, serial_shops, shop,
          basic_altar, eino_curves_04, minmay_chambers_of_fives
D:8:      layout_basic, lair_entry_dummy
D:9:      layout_cave_pools, nemelex_xobeh_ov_fountains_minmay,
          serial_gnoll_camp, gnoll_camp_mini_house, gnoll_camp_mini_sergeant,
          gnoll_camp_mini_loothouse, gnoll_camp_mini_house,
          gnoll_camp_huts_basic
D:10:     layout_rooms, zombieorc1_lemuel
D:11:     layout_gridville, the_bakery, nrook_mini_vaults, minmay_between
D:12:     layout_gridville
D:13:     layout_basic, skrybe_vaults_entry_preservation, serial_shops, shop
D:14:     layout_irregular_city, nicolae_dithmenos_the_darkroom,
          serial_co_window_serial, co_window_corner_a, co_window_corner_a,
          co_window_of_opportunity_a, co_window_paths_a, co_window_corner_a,
          co_window_corner_a, co_window_paths_b, co_window_unsneaky_path_c,
          co_window_broadway_b, co_window_unsneaky_path_c, co_window_broadway_c,
          minmay_guarded_unrand_variability
D:15:     gammafunk_depths_entry_grave, layout_loops_ring, dk_noncrumbling_3
Temple:   nicolae_temple_x_marks_the_god
Lair:1:   layout_regular_city, gammafunk_ghost_icy, small_statue_intersection,
          infiniplex_staircase_pool
Lair:2:   layout_layer_cave, gauntlet_entry_generic
Lair:3:   layout_gridlike, minmay_shoals_entry_hut, guppyfry_snake_entry_garden,
          grunt_megastairs_5
Lair:4:   layout_regular_city, minivault_29
Lair:5:   layout_roguey
Lair:6:   evilmike_catoblepas_cave, layout_regular_city, dpeg_slime_entry_corner
Shoals:1: layout_shoals, serial_shops, shop, wheals_shoals_ruined_temple
Shoals:2: layout_shoals
Shoals:3: layout_shoals, yaktaur_hedge, uniq_polyphemus, uniq_louise
Shoals:4: shoals_end_grunt_garden, layout_shoals, serial_shops, shop_fountains
Snake:1:  layout_grid_maze, lemuel_oklob_altar, uniq_kirke
Snake:2:  layout_chambers
Snake:3:  layout_onion_interference, nicolae_snake_serpentine_hallways,
          st_stairs_13, uniq_aizul, uniq_vashnia, uniq_roxanne
Snake:4:  grunt_snake_rune_serpentine_throne, layout_cave_town,
          ebering_ghost_gozag, uniq_agnes
Orc:1:    layout_diamond_mine, serial_shops, nicolae_shop_trees, shop,
          trog_book, uniq_maurice
Orc:2:    st_orc_ogre_mass, layout_caves, nicolae_volcano_entry_batcave,
          nicolae_orc_bridge_out, uniq_josephine, uniq_sonja
Elf:1:    eino_elf_arrival_sip, layout_loops_corners,
          hangedman_elven_crosses_minicolossus, uniq_frances, uniq_asterion
Elf:2:    layout_geoelf_diagonals, uniq_donald
Elf:3:    elf_hall, layout_rooms, portal_ice_cave_entry_pillars_2
Vaults:1: nicolae_vaults_disjoint_gnomons, vaults_mumra_chevron, v_misc_3,
          nicolae_vaults_network_periphery, ontoclasm_vaults_fault,
          ontoclasm_vaults_ring_small, nicolae_vaults_circle_grid_a,
          vaults_room_fours, nicolae_vaults_what_the_h,
          ontoclasm_vaults_ligature, nicolae_vaults_quartermaster, v_pattern_2,
          layout_vaults_big_room
Vaults:2: hangedman_vaults_stretched_pinwheel, nicolae_vaults_mini_display_case,
          vaults_room_door_hall, nicolae_vaults_little_squares_4,
          nicolae_vaults_little_squares_1, ontoclasm_vaults_misaligned,
          ontoclasm_vaults_gallery, vaults_dpeg_cross, vaults_room_corners,
          vaults_room_mumra_shop_pool, ontoclasm_vaults_pinch, v_misc_28,
          nicolae_vaults_triangles, vaults_dpeg_ring, vaults_room_boxed,
          layout_vaults_maze_bifur, dummy_crypt_entry, serial_shops,
          nicolae_shop_waterfront
Vaults:3: serial_ice_b, layout_vaults_omnigrid, uniq_margery

Skill      XL: |  1  2  3  4  5  6  7  8  9 10 11 12 13 14 15 16 17 18 19 20 21 22 |
---------------+-------------------------------------------------------------------+-----
Maces & Flails | 3 4 5 6 8 10 11 13 14 15 16 17 18 19 20 | 20.5
Fighting       | 4 5 6 8 9 10 11 13 14 15 16 17 18 19 20 | 20.1
Armour         | 4 5 6 8 9 10 11 13 14 15 16 17 18 19 20 | 20.2
Dodging        | 2 5 6 8 9 10 11 12 13 14 | 14.2
Shields        | 4 5 6 8 10 | 10.1
Invocations    | 1 5 |  5.0
Evocations     | 1 4 5 6 |  6.8

Action                   |  1- 3 |  4- 6 |  7- 9 | 10-12 | 13-15 | 16-18 | 19-21 | 22-24 || total
-------------------------+-------+-------+-------+-------+-------+-------+-------+-------++-------
Melee: Flail             |   135 |   166 |   447 |  1010 |  2108 |       |   273 |   701 ||  4840
       Hand axe          |       |       |    11 |       |       |       |       |       ||    11
       Eveningstar       |       |       |       |       |   122 |  1336 |  1324 |     6 ||  2788
Throw: Throwing net      |       |       |       |     1 |       |       |       |       ||     1
 Abil: Fly               |       |       |       |       |     1 |       |       |       ||     1
       Evoke Berserk Rag |       |       |       |       |       |       |     5 |       ||     5
Evoke: Wand              |       |       |       |    13 |       |     7 |     4 |       ||    24
  Use: Potion            |       |     1 |       |     3 |     3 |     3 |       |     1 ||    11
       Scroll            |       |       |    10 |    10 |    16 |     9 |    23 |     4 ||    72
  Eat: Chunk             |     2 |     6 |     9 |    25 |    28 |    21 |    22 |    10 ||   123
       Ration            |       |       |     1 |     1 |     4 |     4 |     4 |       ||    14
Armor: Scale mail        |    84 |   154 |    30 |       |       |       |       |       ||   268
       Plate armour      |       |       |   311 |  1072 |  1263 |   662 |       |       ||  3308
       Chain mail        |       |       |       |       |       |   170 |   686 |   278 ||  1134
       Ice dragon scales |       |       |       |       |       |       |   147 |       ||   147
Dodge: Dodged            |    48 |    82 |    92 |   276 |   994 |   772 |   829 |   238 ||  3331
Block: Shield            |    81 |   100 |   228 |   448 |       |       |   423 |   548 ||  1828
       Buckler           |       |       |       |    38 |   353 |   274 |   166 |       ||   831
       Reflection        |       |       |       |       |       |       |    31 |    45 ||    76

Table legend:
 A = Non-vault XP
 B = Vault XP
 C = Vault XP percentage of total XP
 D = Non-vault monster count
 E = Vault monster count
 F = Vault count percentage of total count
                 A         B        C        D         E       F
            +---------+---------+-------+---------+---------+-------
      Total |  351732 |  338542 |  49.0 |     978 |     652 |  40.0
            +---------+---------+-------+---------+---------+-------
        D:1 |      25 |       0 |   0.0 |      14 |       0 |   0.0
        D:2 |      44 |       0 |   0.0 |      14 |       0 |   0.0
        D:3 |      68 |       0 |   0.0 |      21 |       0 |   0.0
        D:4 |     180 |     208 |  53.6 |      10 |       1 |   9.1
        D:5 |     468 |     889 |  65.5 |      10 |       9 |  47.4
        D:6 |     795 |    1404 |  63.8 |      28 |      15 |  34.9
        D:7 |    1159 |     125 |   9.7 |      25 |       3 |  10.7
        D:8 |    1614 |       0 |   0.0 |      20 |       0 |   0.0
        D:9 |    5147 |     840 |  14.0 |      27 |      29 |  51.8
       D:10 |     676 |     785 |  53.7 |      20 |      29 |  59.2
       D:11 |    6239 |     668 |   9.7 |      29 |       5 |  14.7
       D:12 |    7142 |       0 |   0.0 |      33 |       0 |   0.0
       D:13 |    7079 |    9364 |  56.9 |      16 |      17 |  51.5
       D:14 |    7794 |     356 |   4.4 |      16 |       2 |  11.1
       D:15 |    4684 |    4778 |  50.5 |      16 |       8 |  33.3
     Lair:1 |     476 |    2347 |  83.1 |       2 |      11 |  84.6
     Lair:2 |    3952 |       0 |   0.0 |      16 |       0 |   0.0
     Lair:3 |    4812 |    1008 |  17.3 |      20 |       5 |  20.0
     Lair:4 |    6626 |    8399 |  55.9 |      22 |      44 |  66.7
     Lair:5 |   11494 |       0 |   0.0 |      25 |       0 |   0.0
     Lair:6 |   12617 |   12134 |  49.0 |      43 |      23 |  34.8
   Shoals:1 |   19452 |    3097 |  13.7 |      39 |       2 |   4.9
   Shoals:2 |   18272 |       0 |   0.0 |      39 |       0 |   0.0
   Shoals:3 |   18487 |    7793 |  29.7 |      36 |       7 |  16.3
   Shoals:4 |    8724 |   20656 |  70.3 |      18 |      35 |  66.0
    Snake:1 |    6417 |    3389 |  34.6 |      13 |       5 |  27.8
    Snake:2 |    9154 |       0 |   0.0 |      18 |       0 |   0.0
    Snake:3 |   20472 |   13730 |  40.1 |      41 |       8 |  16.3
    Snake:4 |   25160 |   55145 |  68.7 |      44 |      73 |  62.4
      Orc:1 |    4298 |     485 |  10.1 |      35 |       1 |   2.8
      Orc:2 |    2715 |   22256 |  89.1 |      19 |      50 |  72.5
      Elf:1 |   14655 |   17440 |  54.3 |      25 |      20 |  44.4
      Elf:2 |   14183 |   24961 |  63.8 |      26 |      28 |  51.9
      Elf:3 |   12123 |   52744 |  81.3 |      21 |      40 |  65.6
   Vaults:1 |   29622 |   30178 |  50.5 |      57 |      57 |  50.0
   Vaults:2 |   33806 |   21018 |  38.3 |      63 |      26 |  29.2
   Vaults:3 |   12807 |     655 |   4.9 |      23 |       1 |   4.2
    Abyss:2 |   18294 |       0 |   0.0 |      34 |       0 |   0.0
      IceCv |       0 |   11244 | 100.0 |       0 |      59 | 100.0
    Volcano |       0 |    6613 | 100.0 |       0 |      31 | 100.0
   Gauntlet |       0 |    3833 | 100.0 |       0 |       8 | 100.0
            +---------+---------+-------+---------+---------+-------
